 Dungeon Sprint DCSS version 0.21-a0-47-g7c8f537 (webtiles) character file.

21775 Kidiri the Brawler (level 12, -3/126 HPs)
             Began as a Troll Monk on June 8, 2017.
             Was an Elder of Wu Jian.
             Slain by an entropy weaver (6 damage)
             ... in the Dungeon (Sprint IX: "|||||||||||||||||||||||||||||").
             The game lasted 00:17:43 (4688 turns).

Kidiri the Brawler (Troll Monk)                     Turns: 4688, Time: 00:17:43

Health: -3/126     AC: -56   Str: 27    XL:     12   Next: 57%
Magic:  11/11      EV: 20    Int:  8    God:    Wu Jian [****..]
Gold:   1403       SH:  4    Dex: 16    Spells: 11/11 levels left

rFire    . . .     SeeInvis .     - Unarmed
rCold    . . .     Gourm    +   (no shield)
rNeg     + . .     Faith    .   y - +1 robe {rN+}
rPois    +         Spirit   .   B - +1 hat
rElec    .         Reflect  .   x - +0 cloak
rCorr    .         Harm     .   (gloves unavailable)
MR       .....     NoTele   +   (boots unavailable)
Stlth    +++++.....             (no amulet)
Regen    0.8/turn               o - ring of poison resistance
MPRegen  0.2/turn               n - +2 ring of protection

@: mighty, corroded, very slightly contaminated
A: unfitting armour, antennae 1, claws 3, large bone plates 1, clever 1, fast
metabolism 3, gourmand, regeneration 1, shaggy fur 1, tough skin 2
a: Serpent's Lash, Renounce Religion


You were in the Dungeon.
You worshipped Wu Jian.
Wu Jian was greatly pleased with you.
You were full.

You visited 1 branch You collected 1923 gold pieces.
You spent 520 gold pieces at shops.

Inventory:

Hand Weapons
 E - a +0 blowgun
Missiles
 C - 12 tomahawks (quivered)
 D - 5 stones
 F - 5 curare-tipped needles
 G - 7 poisoned needles
Armour
 x - a +0 cloak (worn)
 y - a +1 robe of positive energy (worn)
 B - a +1 hat (worn)
Jewellery
 a - an uncursed ring of protection from fire
 g - an uncursed ring of ice
 m - a +3 ring of intelligence
 n - a +2 ring of protection (right claw)
 o - a ring of poison resistance (left claw)
Wands
 l - a wand of lightning (0/15)
Scrolls
 h - 3 scrolls of blinking
 j - 5 scrolls of remove curse
 k - 2 scrolls of amnesia
 s - 3 scrolls of enchant weapon
 t - 2 scrolls of fog
 u - 4 scrolls of fear
 v - a scroll of identify
 A - a scroll of magic mapping
Potions
 c - 5 potions of curing
 e - a potion of haste
 f - 4 potions of magic
 p - a potion of might
 q - a potion of agility
 z - a potion of resistance
Comestibles
 b - 14 bread rations
 r - 15 meat rations
 w - 16 fruits


   Skills:
 + Level 10.3 Fighting
 + Level 3.5 Throwing
 + Level 10.0 Armour
 * Level 14.0 Dodging
 * Level 11.0 Stealth
 * Level 16.2 Unarmed Combat


You had 11 spell levels left.
You didn't know any spells.

Dungeon Overview and Level Annotations

Branches:
Dungeon (1/1)

Altars:
Cheibriados
Dithmenos
Elyvilon
Fedhas
Gozag
Hepliaklqana
Kikubaaqudgha
Makhleb
Nemelex Xobeh
Okawaru
Qazlal
Ru
Sif Muna
Trog
Uskayaw
Vehumet
Wu Jian
Xom
Yredelemnul
Zin
The Shining One
Beogh
Jiyva
Lugonu

Shops:
D ([?[


Innate Abilities, Weirdness & Mutations

You are too large for most types of armour.
You have claws for hands.
Your metabolism is lightning-fast.
You like to eat raw meat.
Your natural rate of healing is unusually fast.
You are covered in fur. (AC +1)
You have very tough skin. (AC +2)
You have a pair of small antennae on your head.
You are partially covered in large bone plates. (SH +4)
Your mind is acute. (Int +2)


Message History

The entropic weave corrodes you!
You barely miss the entropy weaver.
You scratch the entropy weaver but do no damage.
The entropy weaver misses you. The entropy weaver hits you.
* * * LOW HITPOINT WARNING * * *
The entropy weaver closely misses you.
The entropy weaver completely misses you.
You miss the entropy weaver.
The entropy weaver casts a spell.
The entropic weave corrodes you!
You scratch the entropy weaver but do no damage.
The entropy weaver closely misses you. The entropy weaver hits you!
* * * LOW HITPOINT WARNING * * *
You block the entropy weaver's attack. The entropy weaver hits you.
* * * LOW HITPOINT WARNING * * *
You scratch the entropy weaver but do no damage.
The entropy weaver hits you.
* * * LOW HITPOINT WARNING * * *
The entropy weaver hits you.
You die...

▓...▓...▓...▓...▓<▓
▓.▓.▓.▓.▓.▓.▓.▓.▓.▓
▓.▓.▓.▓.▓.▓.▓.▓.▓.▓
▓.▓.▓.▓.▓.▓.▓.▓.▓.▓
▓.▓.▓.▓.▓.▓.▓.▓.▓)▓
▓.▓.▓.▓.▓.▓.▓.▓.▓)▓
▓.▓.▓.▓.▓.▓.▓.▓.▓.▓
▓{▓.▓.▓.▓.▓.▓'▓.▓.▓
▓{▓.▓@▓.▓.▓.▓.▓.▓.▓
▓.▓.▓a▓.▓.▓.▓.▓.▓.▓
▓.▓.▓.▓.▓.▓.▓.▓.▓'▓
▓.▓.▓=▓.▓.▓.▓.▓.▓.▓
▓.▓.▓.▓.▓.▓.▓.▓.▓.▓
▓.▓.▓.▓.▓'▓.▓.▓.▓.▓
▓§▓.▓.▓.▓)▓.▓.▓.▓.▓
▓†▓.▓)▓.▓)▓.▓.▓.▓.▓
▓s▓.▓)▓.▓)▓.▓.▓.▓'▓


You could see an entropy weaver.

Vanquished Creatures
  A lich (D)
  A stone giant (D)
  Nessos (D)
  Josephine (D)
  A fire dragon (D)
  An ogre mage (D)
  A great orb of eyes (D)
  A rakshasa (D)
  2 hydras (D)
  Erica (D)
  A two-headed ogre (D)
  5 orc high priests (D)
  Sonja (D)
  2 orc knights (D)
  Psyche (D)
  2 demonic crawlers (D)
  An efreet (D)
  2 spiny frogs (D)
  A rime drake (D)
  A komodo dragon (D)
  A jumping spider (D)
  A slime creature (D)
  4 hippogriffs (D)
  A redback (D)
  A tarantella (D)
  A wyvern (D)
  A yak (D)
  4 wraiths (D)
  A vampire mosquito (D)
  3 wargs (D)
  A hell hound (D)
  4 porcupines (D)
  13 orc warriors (D)
  A black bear (D)
  4 wolves (D)
  An ogre (D)
  3 crocodiles (D)
  4 bullfrogs (D)
  3 crimson imps (D)
  A hound (D)
  2 orc priests (D)
  2 orc wizards (D)
  3 worker ants (D)
  2 shadow imps (D)
  A worm (D)
  A dart slug (D)
  A leopard gecko (D)
  15 orcs (D)
  2 hobgoblins (D)
  A quokka (D)
  A ball python (D)
  A jackal skeleton (D)
  A kobold (D)
114 creatures vanquished.

Vanquished Creatures (others)
  An adder skeleton (D)
1 creature vanquished.

Grand Total: 115 creatures vanquished

Notes
Turn   | Place    | Note
-------+----------+-------------------------------------------
     0 | D        | Kidiri the Troll Monk began the quest for the Orb.
     0 | D        | Reached XP level 1. HP: 22/22 MP: 0/0
    32 | D        | Noticed a crimson imp
    32 | D        | Noticed a hound
    32 | D        | Noticed a worker ant
    38 | D        | Reached XP level 2. HP: 18/29 MP: 1/1
    43 | D        | Killed a crimson imp
    43 | D        | Reached skill level 1 in Armour
    43 | D        | Reached skill level 4 in Unarmed Combat
    43 | D        | Reached XP level 3. HP: 21/37 MP: 2/2
    56 | D        | Reached skill level 5 in Unarmed Combat
    56 | D        | Reached XP level 4. HP: 18/45 MP: 3/3
   112 | D        | Found a roughly hewn altar of Beogh.
   112 | D        | Found a snail-covered altar of Cheibriados.
   112 | D        | Found a shadowy altar of Dithmenos.
   112 | D        | Found a white marble altar of Elyvilon.
   112 | D        | Found a blossoming altar of Fedhas.
   112 | D        | Found an opulent altar of Gozag.
   113 | D        | Found a hazy altar of Hepliaklqana.
   114 | D        | Found a viscous altar of Jiyva.
   115 | D        | Found an ancient bone altar of Kikubaaqudgha.
   116 | D        | Found a corrupted altar of Lugonu.
   117 | D        | Found a burning altar of Makhleb.
   118 | D        | Found a sparkling altar of Nemelex Xobeh.
   119 | D        | Found an iron altar of Okawaru.
   120 | D        | Found a stormy altar of Qazlal.
   121 | D        | Found a sacrificial altar of Ru.
   122 | D        | Found a deep blue altar of Sif Muna.
   123 | D        | Found a bloodstained altar of Trog.
   124 | D        | Found a hide-covered altar of Uskayaw.
   125 | D        | Found a radiant altar of Vehumet.
   126 | D        | Found an ornate altar of the Wu Jian Council.
   127 | D        | Found a shimmering altar of Xom.
   128 | D        | Found a basalt altar of Yredelemnul.
   129 | D        | Found a glowing silver altar of Zin.
   130 | D        | Found a glowing golden altar of the Shining One.
   136 | D        | Became a worshipper of the Wu Jian Council
   136 | D        | Reached * piety under Wu Jian
   136 | D        | Reached ** piety under Wu Jian
   163 | D        | Noticed a two-headed ogre
   163 | D        | Noticed an ogre
   163 | D        | Noticed a bullfrog
   163 | D        | Noticed an orc warrior
   228 | D        | Killed a two-headed ogre
   228 | D        | Reached skill level 5 in Fighting
   228 | D        | Reached skill level 5 in Stealth
   228 | D        | Reached skill level 9 in Unarmed Combat
   228 | D        | Reached XP level 5. HP: 41/57 MP: 4/4
   228 | D        | Reached XP level 6. HP: 47/66 MP: 5/5
   228 | D        | Reached XP level 7. HP: 52/72 MP: 6/6
   233 | D        | Reached *** piety under Wu Jian
   253 | D        | Reached XP level 8. HP: 25/81 MP: 7/7
   341 | D        | Reached **** piety under Wu Jian
   354 | D        | Reached skill level 5 in Armour
   446 | D        | Gained mutation: Your body sometimes deteriorates upon taking damage. [potion of mutation]
   446 | D        | Gained mutation: You have a pair of small antennae on your head. [potion of mutation]
   446 | D        | Gained mutation: Your flesh is heat resistant. (rF+) [potion of mutation]
   469 | D        | Noticed a hippogriff
   469 | D        | Noticed a rime drake
   469 | D        | Noticed a hippogriff
   470 | D        | Noticed a komodo dragon
   470 | D        | Killed a hippogriff
   470 | D        | Reached ***** piety under Wu Jian
   470 | D        | Reached skill level 10 in Unarmed Combat
   473 | D        | Killed a rime drake
   480 | D        | Killed a hippogriff
   484 | D        | Reached XP level 9. HP: 66/92 MP: 8/8
   493 | D        | Killed a komodo dragon
   493 | D        | Reached skill level 11 in Unarmed Combat
   577 | D        | Noticed a spiny frog
   577 | D        | Noticed a spiny frog
   581 | D        | Killed a spiny frog
   582 | D        | Noticed a five-headed hydra
   687 | D        | Reached skill level 10 in Dodging
   977 | D        | Killed a spiny frog
  1359 | D        | Killed a nine-headed hydra
  1359 | D        | Reached skill level 12 in Unarmed Combat
  1359 | D        | Reached XP level 10. HP: 67/102 MP: 9/9
  1621 | D        | Noticed Josephine
  1625 | D        | Noticed Sonja
  1630 | D        | Killed Josephine
  1630 | D        | Reached skill level 13 in Unarmed Combat
  1648 | D        | Killed Sonja
  1718 | D        | Noticed Erica
  1719 | D        | Noticed Psyche
  1732 | D        | Killed Erica
  1740 | D        | Killed Psyche
  1740 | D        | Reached XP level 11. HP: 74/113 MP: 10/10
  1821 | D        | Noticed an orc high priest
  1842 | D        | Killed an orc high priest
  1941 | D        | Noticed an orc knight
  1946 | D        | Killed an orc knight
  1946 | D        | Reached skill level 14 in Unarmed Combat
  1947 | D        | Noticed an orc knight
  1955 | D        | Killed an orc knight
  2070 | D        | Found Saux's Weapon Emporium.
  2070 | D        | Noticed an orc high priest
  2070 | D        | Noticed an orc high priest
  2070 | D        | Found Qarch's Antique Armour Shoppe.
  2074 | D        | Killed an orc high priest
  2077 | D        | Killed an orc high priest
  2078 | D        | Found Ekisk's Magic Scroll Emporium.
  2082 | D        | Found Fopsir's Armour Shoppe.
  2082 | D        | Noticed an orc high priest
  2088 | D        | Killed an orc high priest
  2091 | D        | Reached ****** piety under Wu Jian
  2091 | D        | Noticed an orc high priest
  2098 | D        | Killed an orc high priest
  2098 | D        | Reached skill level 10 in Stealth
  2149 | D        | Bought an embroidered robe for 111 gold pieces
  2151 | D        | Bought a scroll of fear for 49 gold pieces
  2151 | D        | Bought a scroll of blinking for 105 gold pieces
  2151 | D        | Bought a scroll of magic mapping for 49 gold pieces
  2151 | D        | Bought a scroll of fear for 49 gold pieces
  2153 | D        | Bought a +1 hat for 121 gold pieces
  2413 | D        | Lost mutation: Your body sometimes deteriorates upon taking damage. [potion of mutation]
  2413 | D        | Lost mutation: Your flesh is heat resistant. (rF+) [potion of mutation]
  2413 | D        | Gained mutation: Your mind is acute. (Int +2) [potion of mutation]
  2413 | D        | Gained mutation: You are partially covered in large bone plates. (SH +4) [potion of mutation]
  2449 | D        | Noticed a five-headed hydra
  2720 | D        | Killed a 15-headed hydra
  2720 | D        | Reached skill level 15 in Unarmed Combat
  2753 | D        | Noticed a great orb of eyes
  2753 | D        | Noticed a rakshasa
  2774 | D        | Killed a great orb of eyes
  2778 | D        | Noticed a fire dragon
  2784 | D        | Noticed a stone giant
  2784 | D        | Killed a rakshasa
  2784 | D        | Reached XP level 12. HP: 66/126 MP: 11/11
  2785 | D        | Noticed a lich
  4042 | D        | Bought 7 poisoned needles for 36 gold pieces
  4171 | D        | Noticed an ogre mage
  4182 | D        | Killed a fire dragon
  4182 | D        | Reached skill level 1 in Throwing
  4183 | D        | Killed a stone giant
  4186 | D        | Killed an ogre mage
  4186 | D        | Reached skill level 10 in Fighting
  4213 | D        | Noticed an Ice Fiend
  4219 | D        | Killed a lich
  4381 | D        | Noticed Nessos
  4408 | D        | Killed Nessos
  4408 | D        | Reached skill level 16 in Unarmed Combat
  4514 | D        | Noticed an entropy weaver
  4536 | D        | Reached skill level 10 in Armour
  4687 | D        | HP: 6/126 [entropy weaver (1)]
  4688 | D        | Slain by an entropy weaver

Vault maps used:
D:        linesprint

Skill      XL: |  1  2  3  4  5  6  7  8  9 10 11 12 |
---------------+-------------------------------------+-----
Dodging        | 3 4 7 9 10 11 13 14 | 14.0
Fighting       | 3 5 6 7 8 9 10 | 10.3
Armour         | 1 4 5 6 8 9 10 | 10.0
Stealth        | 2 5 6 7 9 10 11 | 11.0
Unarmed Combat | 4 5 9 10 12 13 15 16 | 16.2
Throwing       | 3 |  3.5

Action                   |  1- 3 |  4- 6 |  7- 9 | 10-12 || total
-------------------------+-------+-------+-------+-------++-------
Melee: Unarmed           |    41 |    10 |    79 |   297 ||   427
       Punch             |     1 |       |     4 |    20 ||    25
Throw: Tomahawk          |       |       |       |    16 ||    16
Invok: Serpent's Lash    |       |       |     7 |    15 ||    22
       Heavenly Storm    |       |       |     2 |     8 ||    10
Evoke: Wand              |       |       |     7 |       ||     7
  Use: Potion            |       |     1 |     2 |     8 ||    11
       Scroll            |       |       |       |     1 ||     1
 Stab: Invisible         |       |       |       |     1 ||     1
       Sleeping          |       |       |       |     7 ||     7
       Distracted        |       |       |       |     1 ||     1
  Eat: Chunk             |       |     4 |     8 |    13 ||    25
       Fruit             |       |       |       |    24 ||    24
Armor: Robe              |    11 |       |    19 |    29 ||    59
Dodge: Dodged            |    21 |     2 |    28 |   127 ||   178
Block: Other             |       |       |       |    29 ||    29
